 Dungeon Crawl Stone Soup version 0.19.5 (webtiles) character file.

9354 ghjk the Severer (level 11, -7/95 HPs)
             Began as a Minotaur Fighter on Apr 24, 2017.
             Was an Elder of Okawaru.
             Mangled by a cyan ugly thing (16 damage)
             ... on level 10 of the Dungeon.
             The game lasted 00:16:43 (10138 turns).

ghjk the Severer (Minotaur Fighter)                Turns: 10138, Time: 00:16:44

Health: -7/95      AC: 13    Str: 24    XL:     11   Next: 21%
Magic:  10/10      EV: 10    Int:  5    God:    Okawaru [****..]
Gold:   280        SH: 10    Dex: 10    Spells: 0 memorised, 10 levels left

rFire  . . .     SeeInvis .     a - +1 war axe
rCold  . . .     Gourm    .     b - +0 scale mail
rNeg   . . .     Faith    .     c - +0 shield
rPois  .         Spirit   .     (helmet restricted)
rElec  .         Reflect  .     A - +0 cloak
rCorr  .         Harm     .     r - +0 pair of gloves
MR     +....                    q - +1 pair of boots
Stlth  ..........               (no amulet)
                                (no ring)
                                u - ring of protection from magic

@: no status effects
A: retaliatory headbutt, horns 2
a: Heroism, Renounce Religion


You were on level 10 of the Dungeon.
You worshipped Okawaru.
Okawaru was greatly pleased with you.
You were not hungry.

You visited 2 branches of the dungeon, and saw 11 of its levels.
You also visited: Sewer.

You collected 526 gold pieces.
You spent 246 gold pieces at shops.

Inventory:

Hand Weapons
 a - a +1 war axe (weapon)
 o - a +0 battleaxe
Armour
 b - a +0 scale mail (worn)
 c - a +0 shield (worn)
 q - a +1 pair of boots (worn)
 r - a +0 pair of gloves (worn)
 y - a +0 plate armour
 A - a +0 cloak (worn)
Jewellery
 m - an uncursed ring of ice
 n - an uncursed ring of protection from cold
 u - a ring of protection from magic (left hand)
Wands
 l - a wand of acid (0/15)
Scrolls
 j - 4 scrolls of amnesia
 p - 3 scrolls of enchant weapon
 s - 3 scrolls of blinking
 B - 2 scrolls of teleportation
 C - a scroll of fog
 D - a scroll of fear
 E - a scroll of identify
 J - a scroll of remove curse
Potions
 d - a potion of haste
 e - 2 potions of curing
 k - 3 potions of flight
 t - a potion of cure mutation
 v - a potion of berserk rage
 z - 2 potions of brilliance
 G - 2 potions of lignification
 I - a potion of agility
Books
 w - a book of Changes

   Spells                             Type                      Level
   a - Beastly Appendage              Transmutation                1
   b - Sticks to Snakes               Transmutation                2
   c - Spider Form                    Transmutation/Poison         3
   d - Ice Form                       Ice/Transmutation            4
   e - Blade Hands                    Transmutation                5
Comestibles
 f - 8 bread rations
 g - 7 beef jerkies
 x - 3 meat rations
 F - 4 slices of pizza


   Skills:
 + Level 8.5 Fighting
 * Level 15.8 Axes
 + Level 8.9 Armour
 + Level 4.8 Dodging
 - Level 4.8 Shields


You had 10 spell levels left.
You didn't know any spells.

Dungeon Overview and Level Annotations

Branches:
Dungeon (10/15)            Temple (1/1) D:7            Lair (0/6) D:10
    Orc (0/2) D:10

Altars:
Ashenzari
Cheibriados
Dithmenos
Elyvilon
Fedhas
Gozag
Hepliaklqana
Kikubaaqudgha
Makhleb
Nemelex Xobeh
Okawaru
Qazlal
Ru
Sif Muna
Trog
Uskayaw
Vehumet
Xom
Yredelemnul
Zin
The Shining One

Shops:
D:7 ?


Innate Abilities, Weirdness & Mutations

You reflexively headbutt those who attack you in melee.
You have a pair of horns on your head.


Message History

You hit the cyan ugly thing. You headbutt the cyan ugly thing!
The cyan ugly thing is severely wounded.
The cyan ugly thing punches you! The cyan ugly thing shocks you!
* * * LOW HITPOINT WARNING * * *
Unknown command.
You are too injured to fight recklessly!
Unknown command.
You are too injured to fight recklessly!
Unknown command.
You are too injured to fight recklessly!
Unknown command.
You are too injured to fight recklessly!
Unknown command.
You are too injured to fight recklessly!
You slash the cyan ugly thing!
The cyan ugly thing is almost dead.
The cyan ugly thing punches you!
* * * LOW HITPOINT WARNING * * *
The cyan ugly thing shocks you!
You die...

#### ####...
.......###############
..........u@........># ##
.......#############.# ..
.......#############.# ..
.....................# ...
.......##.##..#####..# ...
...............)..#..# ≈≈
≈≈≈≈≈≈≈≈≈≈≈≈≈≈≈≈≈.#..# ≈≈
≈≈≈≈≈≈≈≈≈≈≈≈≈≈≈≈≈.#..#
####################≈≈.#..#


You could see a cyan ugly thing.

Vanquished Creatures
  Erica (D:8)
  A hill giant (D:10)
  2 centaur zombies (D:10)
  A komodo dragon (D:10)
  A hornet (D:7)
  A troll (D:10)
  Sigmund (D:2)
  A wraith (D:10)
  6 yaks
  A vampire (D:10)
  4 hogs (D:8)
  A human (D:8)
  6 orc warriors
  2 ice beasts
  4 phantoms
  2 black bears
  2 ogres
  A big kobold (D:10)
  2 centaurs
  5 bullfrogs
  4 scorpions
  12 killer bees
  4 wights (D:9)
  4 howler monkeys
  2 electric eels (D:10)
  5 crimson imps
  A quasit (D:10)
  5 hounds
  2 jellies
  Crazy Yiuf (D:6)
  3 bullfrog skeletons
  12 orc priests
  A centaur skeleton (D:5)
  3 iguanas
  7 orc wizards
  6 worker ants
  A killer bee zombie (D:5)
  2 hound skeletons
  18 adders
  3 gnolls (D:7)
  A shadow imp (D:6)
  8 oozes
  3 adder skeletons
  A worm (D:4)
  13 leopard geckos
  33 orcs
  10 ball pythons (Sewer)
  10 bats
  24 giant cockroaches
  4 goblins
  8 hobgoblins
  20 jackals
  4 quokkas
  16 frilled lizards
  8 kobolds
  6 rats
310 creatures vanquished.

Vanquished Creatures (collateral kills)
  An orc (D:10)
1 creature vanquished.

Vanquished Creatures (others)
  A plant (D:10)
1 creature vanquished.

Grand Total: 312 creatures vanquished

Notes
Turn   | Place    | Note
-------+----------+-------------------------------------------
     0 | D:1      | ghjk the Minotaur Fighter began the quest for the Orb.
     0 | D:1      | Reached XP level 1. HP: 19/19 MP: 0/0
   178 | D:1      | Reached XP level 2. HP: 27/27 MP: 1/1
   564 | D:2      | Reached skill level 3 in Axes
   564 | D:2      | Reached XP level 3. HP: 33/33 MP: 2/2
   599 | D:2      | Noticed Sigmund
   606 | D:2      | Killed Sigmund
   606 | D:2      | Reached skill level 4 in Axes
   606 | D:2      | Reached skill level 1 in Dodging
   606 | D:2      | Reached XP level 4. HP: 30/41 MP: 3/3
   606 | D:2      | Reached XP level 5. HP: 34/47 MP: 4/4
  1147 | D:2      | Reached skill level 5 in Axes
  1624 | D:3      | Reached XP level 6. HP: 53/53 MP: 5/5
  2333 | D:4      | Reached skill level 5 in Armour
  2371 | D:4      | Reached skill level 6 in Axes
  2372 | D:4      | Reached skill level 5 in Fighting
  2499 | D:4      | Found an ancient bone altar of Kikubaaqudgha.
  3055 | D:5      | Entered Level 5 of the Dungeon
  3065 | D:5      | Reached XP level 7. HP: 59/61 MP: 6/6
  3143 | D:5      | Reached skill level 7 in Axes
  3867 | D:5      | Reached skill level 8 in Axes
  4399 | D:6      | Reached XP level 8. HP: 69/69 MP: 7/7
  4486 | D:6      | Found a runed door.
  4530 | D:6      | Reached skill level 9 in Axes
  4705 | D:6      | Found a glowing drain.
  4718 | Sewer    | Entered a sewer
  5017 | Sewer    | Reached skill level 10 in Axes
  5074 | D:6      | Found a snail-covered altar of Cheibriados.
  5075 | D:6      | Found a white marble altar of Elyvilon.
  5075 | D:6      | Found a sparkling altar of Nemelex Xobeh.
  5077 | D:6      | Found a hazy altar of Hepliaklqana.
  5077 | D:6      | Found a glowing golden altar of the Shining One.
  5079 | D:6      | Found a sacrificial altar of Ru.
  5079 | D:6      | Found a deep blue altar of Sif Muna.
  5374 | D:6      | Noticed Crazy Yiuf
  5377 | D:6      | Killed Crazy Yiuf
  5584 | D:7      | Reached XP level 9. HP: 46/75 MP: 8/8
  5747 | D:7      | Reached skill level 11 in Axes
  5764 | D:7      | Found a glowing golden altar of the Shining One.
  5832 | D:7      | Found Oleytet's Magic Scroll Shop.
  6011 | D:7      | Bought a scroll of blinking for 97 gold pieces
  6011 | D:7      | Bought a scroll of identify for 26 gold pieces
  6011 | D:7      | Bought a scroll of identify for 26 gold pieces
  6011 | D:7      | Bought a scroll of identify for 26 gold pieces
  6011 | D:7      | Bought a scroll of fog for 26 gold pieces
  6011 | D:7      | Bought a scroll of fear for 45 gold pieces
  6047 | D:7      | Found a staircase to the Ecumenical Temple.
  6088 | D:7      | Found a glowing silver altar of Zin.
  6146 | D:7      | Found a shimmering altar of Xom.
  6149 | D:7      | Found a burning altar of Makhleb.
  6304 | Temple   | Entered the Ecumenical Temple
  6396 | Temple   | Became a worshipper of Warmaster Okawaru
  6551 | D:8      | Noticed Erica
  6566 | D:8      | Killed Erica
  6566 | D:8      | Reached * piety under Okawaru
  6566 | D:8      | Reached skill level 12 in Axes
  6998 | D:8      | Reached skill level 13 in Axes
  7000 | D:8      | Reached ** piety under Okawaru
  7211 | D:8      | Reached XP level 10. HP: 86/86 MP: 9/9
  7536 | D:8      | Found a glowing golden altar of the Shining One.
  7726 | D:9      | Reached *** piety under Okawaru
  8026 | D:9      | Reached skill level 14 in Axes
  8305 | D:10     | Entered Level 10 of the Dungeon
  8564 | D:10     | HP: 2/88 [wraith (10)]
  8918 | D:10     | Reached skill level 15 in Axes
  8931 | D:10     | Reached **** piety under Okawaru
  8952 | D:10     | Found a staircase to the Lair.
  9045 | D:10     | Reached XP level 11. HP: 90/95 MP: 10/10
  9327 | D:10     | Noticed a hill giant
  9341 | D:10     | Killed a hill giant
  9724 | D:10     | Found a staircase to the Orcish Mines.
  9752 | D:10     | Noticed a cyan ugly thing
 10138 | D:10     | Mangled by a cyan ugly thing

Skill      XL: |  1  2  3  4  5  6  7  8  9 10 |
---------------+-------------------------------+-----
Armour         | 4 5 6 7 8 |  8.9
Fighting       | 4 5 6 7 8 |  8.5
Axes           | 3 4 5 6 8 10 13 15 | 15.8
Dodging        | 1 2 3 4 |  4.8
Shields        | 4 |  4.8

Action                   |  1- 3 |  4- 6 |  7- 9 | 10-12 || total
-------------------------+-------+-------+-------+-------++-------
Melee: War axe           |    54 |   127 |   375 |   322 ||   878
       Headbutt          |     3 |    21 |    57 |    71 ||   152
Invok: Heroism           |       |       |     1 |       ||     1
Evoke: Wand              |       |       |       |     2 ||     2
  Use: Potion            |     1 |       |     2 |     4 ||     7
       Scroll            |       |    10 |    10 |     3 ||    23
  Eat: Chunk             |       |     4 |     8 |     5 ||    17
       Fruit             |       |     4 |       |     2 ||     6
       Pizza             |       |       |     2 |     3 ||     5
       Beef jerky        |       |       |     1 |       ||     1
Armor: Scale mail        |    26 |    62 |   126 |    85 ||   299
Dodge: Dodged            |    19 |    41 |   151 |    88 ||   299
Block: Shield            |    27 |    47 |   195 |   109 ||   378
